 Dungeon Crawl Stone Soup version 0.30-a0-652-gcc886f7154 (webtiles) character file.

Game seed: 16524344040566226809

680 voltaire321 the Stinger (level 7, -1/45 HPs)
             Began as an Octopode Venom Mage on Jan 17, 2023.
             Was an Initiate of Vehumet.
             Slain by an orc
             ... wielding a +0 flail
              (3 damage)
             ... on level 4 of the Dungeon.
             The game lasted 00:13:27 (3966 turns).

voltaire321 the Stinger (Octopode Venom Mage)       Turns: 3966, Time: 00:13:28

Health: -1/45      AC:  1    Str:  7    XL:     7   Next: 60%
Magic:  9/12       EV: 19    Int: 20    God:    Vehumet [......]
Gold:   197        SH:  5    Dex: 12    Spells: 8/12 levels left

rFire   . . .      SeeInvis .    k - +2 dagger (venom)
rCold   + . .      Faith    .    (no shield)
rNeg    . . .      Spirit   .    (helmet restricted)
rPois   .          Reflect  +    l - amulet of reflection
rElec   .          Harm     .    n - ring of protection from cold
rCorr   .          Rampage  .    o - +5 ring of evasion
Will    .....                    (no ring)
Stlth   ++++                     (no ring)
HPRegen 0.27/turn                (no ring)
MPRegen 0.13/turn                (no ring)
                                 (no ring)
                                 (no ring)

@: no status effects
A: almost no armour, amphibious, 8 rings, camouflage 1, gelatinous body 1,
(nimble swimmer 1), tentacles
a: Renounce Religion


You were on level 4 of the Dungeon.
You worshipped Vehumet.
Vehumet was noncommittal.
You visited 2 branches of the dungeon, and saw 6 of its levels.

You collected 197 gold pieces.

Inventory:

Hand Weapons
 g - a +3 whip
 k - a +2 dagger of venom (weapon)
 q - the +1 mace "Hyuraora" {venom, *Rage rF+ Str+4 Dex+2}
   (You found it on level 5 of the Dungeon)

   Str:       It affects your strength (+4).
   Dex:       It affects your dexterity (+2).
   rF:        It protects you from fire.
   *Rage:     It berserks you when you make melee attacks (+20% chance).
Jewellery
 l - an amulet of reflection (around mantle)
 m - an amulet of magic regeneration
 n - a ring of protection from cold (left tentacle)
 o - a +5 ring of evasion (right tentacle)
Wands
 p - a wand of paralysis (18)
Scrolls
 b - a scroll of identify
 c - 4 scrolls of teleportation
 d - 3 scrolls of amnesia {unknown}
 e - 2 scrolls of immolation {unknown}
 f - 2 scrolls of magic mapping {unknown}
 j - 2 scrolls of fog {unknown}
 r - a scroll of vulnerability {unknown}
Potions
 a - a potion of magic
 h - 2 potions of brilliance
 i - a potion of lignification


   Skills:
 + Level 2.6 Fighting
 + Level 3.6 Dodging
 + Level 5.0 Stealth
 + Level 3.4 Spellcasting
 + Level 2.5 Conjurations
 - Level 1.4 Transmutations
 + Level 2.5 Air Magic
 + Level 5.2 Poison Magic


You had 8 spell levels left.
You knew the following spells:

 Your Spells              Type           Power      Damage    Failure   Level
a - Magic Dart            Conj           52%        1d5       4%          1
b - Poisonous Vapours     Pois/Air       36%        N/A       4%          2
f - Sting                 Tmut/Pois      64%        1d6       3%          1

Your spell library contained the following spells:

 Spells                   Type           Power      Damage    Failure   Level
 Cigotuvi's Dreadful Rot  Necr/Pois/Air  26%        N/A       7%          2
 Mephitic Cloud           Conj/Pois/Air  17%        N/A       10%         3
 Summon Small Mammal      Summ           12%        N/A       14%         1
 Olgreb's Toxic Radiance  Pois           24%        N/A       16%         4
 Call Imp                 Summ           3%         N/A       21%         2
 Call Canine Familiar     Summ           3%         N/A       38%         3
 Portal Projectile        Hex/Tloc       6%         N/A       38%         3
 Summon Guardian Golem    Hex/Summ       3%         N/A       38%         3
 Tukima's Dance           Hex            3%         N/A       38%         3
 Dispel Undead            Necr           3%         3d7       80%         4
 Blade Hands              Tmut           4%         N/A       91%         5
 Death Channel            Necr           1%         N/A       100%        6


Dungeon Overview and Level Annotations

Branches:
Dungeon (5/15)             Temple (1/1) D:4

Altars:
Dithmenos
Hepliaklqana
Kikubaaqudgha
Nemelex Xobeh
Okawaru
Sif Muna
Trog
Uskayaw
Vehumet
Zin

Shops:
D:2 (

Annotations:
D:3 1 runed translucent door, soul19's ghost, amateur GrFi


Innate Abilities, Weirdness & Mutations

You cannot wear most types of armour.
You are amphibious.
You can wear up to eight rings at the same time.
Your skin changes colour to match your surroundings (Stealth+).
Your rubbery body absorbs attacks. (AC +1, EV +1)
((You are camouflaged when in or above water. (Stealth+)))
You have tentacles for arms and can constrict up to eight enemies at once.


Message History

The orc wizard hits you with a +1 dagger of venom.
You are more poisoned.
You hit the orc wizard.
The orc wizard looks as sick as possible!
You squeeze the orc wizard.
You kill the orc wizard!
Vehumet accepts your kill.
You feel very sick.
An endoplasm comes into view.
You closely miss the phantom.
You feel very sick. You block the phantom's attack.
The orc hits you with a +0 falchion.
You barely miss the orc.
The endoplasm quivers.
Your grab misses the orc.
You feel sick. The phantom closely misses you. The orc misses you.
The orc attacks as you move away! The orc hits you with a +0 flail.
You feel sick.
You feel sick.
The orc drinks a potion.
The orc goes berserk!
You feel sick. The phantom completely misses you.
The orc hits you from afar with a +0 trident.
You feel sick.
The orc rages.
You block the orc's attack.
There is a stone staircase leading down here.
You feel sick. The phantom hits you.
The phantom blinks!
You blink.
You stop descending the stairs.
You feel sick.
You feel sick.
You are no longer poisoned.
The orc rages.
The orc attacks as you move away! The orc closely misses you.
The orc attacks as you move away! The orc closely misses you.
The orc rages.
The orc attacks as you move away! The orc hits you with a +0 flail!
* * * LOW HITPOINT WARNING * * *
The orc rages.
The orc attacks as you move away! The orc barely misses you.
The orc hits you with a +0 flail.
You die...

#........# #........#
#........# #........#
#...†....# #........#
####........# #...........#
##W.@...<....# .....
##ooo########## ......
####.......# ......
##...J......# ......
#..)........#
......##...........#
..?.......#........# #######
...................# #.....#
............###....###.....#


You could see a phantom, 3 orcs and an endoplasm.

Vanquished Creatures
  Sigmund (D:3)
  A bullfrog (D:5)
  4 orc priests
  A hound (D:5)
  Crazy Yiuf (D:2)
  A jelly (D:4)
  2 iguanas
  An orc wizard (D:4)
  8 gnolls
  3 adders
  A white imp (D:5)
  3 dart slugs
  8 orcs
  5 ball pythons
  4 endoplasms
  A giant cockroach (D:4)
  4 goblins
  2 hobgoblins
  6 jackals
  2 quokkas
  3 bats
  5 frilled lizards
  2 kobolds (D:2)
  6 rats
75 creatures vanquished.

Vanquished Creatures (others)
  6 plants (D:3)
6 creatures vanquished.

Grand Total: 81 creatures vanquished

Notes
Turn   | Place    | Note
-------+----------+-------------------------------------------
     0 | D:1      | voltaire321 the Octopode Venom Mage began the quest for the
                  | Orb.
     0 | D:1      | Reached XP level 1. HP: 11/11 MP: 3/3
   123 | D:1      | Reached XP level 2. HP: 15/17 MP: 0/5
   356 | D:1      | Learned a level 2 spell: Poisonous Vapours
  1032 | D:2      | Learned a level 1 spell: Magic Dart
  1088 | D:2      | Reached XP level 3. HP: 20/21 MP: 4/6
  1163 | D:2      | Reached XP level 4. HP: 22/27 MP: 5/7
  1166 | D:2      | Reached skill level 1 in Fighting
  1289 | D:2      | Reached skill level 1 in Air Magic
  1319 | D:2      | Found Qituwuda's Weapon Shoppe.
  1361 | D:2      | Found a runed translucent door.
  1362 | D:2      | Noticed Crazy Yiuf
  1379 | D:2      | Killed Crazy Yiuf
  1380 | D:2      | Reached skill level 1 in Conjurations
  1380 | D:2      | Reached XP level 5. HP: 10/33 MP: 1/8
  2068 | D:3      | Noticed Sigmund
  2191 | D:3      | Found a runed translucent door.
  2196 | D:3      | Noticed soul19's ghost (amateur GrFi)
  2319 | D:3      | Killed Sigmund
  2320 | D:3      | Reached XP level 6. HP: 29/39 MP: 2/10
  2598 | D:3      | You fall into a shaft and drop 2 floors!
  2598 | D:5      | Entered Level 5 of the Dungeon
  2753 | D:5      | Identified the +1 mace "Hyuraora" {venom, *Rage rF+ Str+4
                  | Dex+2}
  2760 | D:5      | Reached XP level 7. HP: 44/45 MP: 6/11
  2981 | D:5      | Reached skill level 5 in Poison Magic
  3236 | D:4      | Found a staircase to the Ecumenical Temple.
  3245 | Temple   | Entered the Ecumenical Temple
  3252 | Temple   | Became a worshipper of Vehumet
  3904 | D:4      | Upgraded the game from 0.30-a0-639-g3916f1956a to
                  | 0.30-a0-652-gcc886f7154
  3923 | D:4      | Reached skill level 5 in Stealth
  3965 | D:4      | HP: 1/45 [orc/+0 flail (15)]
  3966 | D:4      | Slain by an orc

Illustrated notes

Levels and vault maps discovered:
D:1:      dpeg_arrival_rhombus, layout_basic
D:2:      layout_basic, serial_shops, nicolae_shop_crystal,
          uniq_crazy_yiuf_cottage
D:3:      layout_basic, ebering_ghost_reflecting_pool, serial_forest,
          infiniplex_forest_straight_1, infiniplex_forest_zigzag_2,
          infiniplex_forest_straight_2, infiniplex_forest_lined_1,
          infiniplex_forest_clump_double, infiniplex_forest_lined_2,
          infiniplex_forest_lined_room_, infiniplex_forest_lined_2,
          infiniplex_forest_lined_corner, uniq_sigmund
D:4:      layout_rooms, minmay_temple_entry_slanted
D:5:      layout_basic
Temple:   compressed_dpeg_triangle_lava_temple

Skill      XL: |  1  2  3  4  5  6  7 |
---------------+----------------------+-----
Stealth        | 3 4 5 |  5.0
Poison Magic   | 4 5 |  5.2
Fighting       | 1 2 |  2.6
Air Magic      | 1 2 |  2.5
Conjurations   | 1 2 |  2.5
Dodging        | 3 |  3.6
Spellcasting   | 3 |  3.4
Transmutations | |  1.4

Action                   |  1- 3 |  4- 6 |  7- 9 || total
-------------------------+-------+-------+-------++-------
Melee: Unarmed           |    18 |       |       ||    18
       Tentacles         |     7 |    12 |    13 ||    32
       Constrict         |     7 |    13 |    13 ||    33
       Whip              |    11 |     2 |       ||    13
       Dagger            |       |    41 |    41 ||    82
       Punch             |       |     1 |       ||     1
 Cast: Sting             |    21 |    29 |    16 ||    66
       Poisonous Vapours |       |     6 |     3 ||     9
       Magic Dart        |       |     1 |    13 ||    14
  Use: Scroll            |     2 |       |     1 ||     3
 Stab: Sleeping          |     2 |       |     2 ||     4
Armor: Skin              |     4 |     1 |       ||     5
Dodge: Dodged            |    23 |    17 |    22 ||    62
Block: Other             |       |     6 |     9 ||    15
       Reflection        |       |     1 |       ||     1

Table legend: (Time is in decaauts)
 A = Elapsed time spent in this place.
 B = Non-inter-level travel time spent in this place.
 C = Inter-level travel time spent in this place.
 D = Time resting spent in this place.
 E = Time spent auto-exploring this place.
 F = Levels seen in this place.
 G = Mean time per level.
                   A        B        C        D        E       F      G
               +--------+--------+--------+--------+--------+-----+--------+
         Total |   3964 |   3930 |     34 |    310 |   2835 |   6 |  660.7 |
       Dungeon |   3949 |   3915 |     34 |    310 |   2835 |   5 |  789.8 |
        Temple |     15 |     15 |      0 |      0 |      0 |   1 |   15.0 |
               +--------+--------+--------+--------+--------+-----+--------+

Top non-repeatable levels by time:
     D:2: 1121 daAuts
     D:3: 1090 daAuts
     D:1: 976 daAuts
     D:5: 632 daAuts
     D:4: 128 daAuts
  Temple: 15 daAuts
